 Dungeon Sprint DCSS version 0.30-a0-1112-gfb780f5df6 (webtiles) character file.

Game seed: 8591474679650935481

10966 sircluck the Executioner (level 11, -2/181 HPs)
             Began as a Hill Orc Berserker on Apr 19, 2023.
             Was the Champion of Trog.
             Shot with an arrow by a deep elf master archer (34 damage)
             ... in the Dungeon (Sprint III: "The Ten Rune Challenge").
             The game lasted 00:09:57 (2876 turns).

sircluck the Executioner (Hill Orc Berserker)       Turns: 2876, Time: 00:09:57

Health: -2/181     AC: 10    Str: 25    XL:     11   Next: 70%
Magic:  11/11      EV: 11    Int:  7    God:    Trog [******]
Gold:   1746       SH:  0    Dex: 10    Spells: 10/10 levels left

rFire   . . .      SeeInvis .    p - +5 broad axe of Trog {heavy, Fragile rPois Will++ Stlth+}
rCold   . . .      Faith    .    (no shield)
rNeg    . . .      Spirit   .    o - +0 chain mail
rPois   +          Reflect  .    (no helmet)
rElec   .          Rampage  .    (no cloak)
rCorr   .          NoTele   +    (no gloves)
Will    ++...                    (no boots) Stlth
                                 (no amulet)
HPRegen 0.50/turn                (no ring)
MPRegen 0.12/turn                (no ring)

@: berserking, very quick
A: no striking features
a: Renounce Religion, Berserk, Trog's Hand, Brothers in Arms


You were in the Dungeon.
You worshipped Trog.
Trog was exalted by your worship.
You visited 1 branch You collected 1974 gold pieces.
You spent 228 gold pieces at shops.

Inventory:

Hand Weapons
 a - a +0 hand axe
 n - a +2 battleaxe
 p - the +5 broad axe of Trog (weapon) {heavy, Fragile rPois Will++ Stlth+}
   (Trog gifted it to you in the Dungeon)

   rPois:     It protects you from poison.
   Fragile:   It will be destroyed if unequipped.
   Will:      It greatly increases your willpower.
   Stlth:     It makes you more stealthy.
 r - a +0 trident
 t - a +3 broad axe of flaming
 u - a +2 executioner's axe of flaming
Armour
 b - a +0 animal skin
 o - a +0 chain mail (worn)
Scrolls
 i - a scroll of torment {unknown}
 j - 3 scrolls of identify
 l - a scroll of immolation {unknown}
Potions
 c - 2 potions of curing
 d - 3 potions of heal wounds
 e - a potion of haste
 f - 2 potions of magic
 g - a potion of berserk rage
 k - 4 potions of flight
 s - a potion of invisibility


   Skills:
 + Level 18.7 Fighting
 + Level 23.8 Axes
 + Level 4.2 Throwing
 + Level 7.9 Armour
 + Level 7.2 Dodging
 + Level 8.7 Stealth
 + Level 1.3 Evocations


You had 10 spell levels left.
You didn't know any spells.
Your spell library was empty.

Dungeon Overview and Level Annotations

Branches:
Dungeon (1/1)

Altars:
Cheibriados
Dithmenos
Elyvilon
Fedhas
Gozag
Hepliaklqana
Kikubaaqudgha
Makhleb
Nemelex Xobeh
Okawaru
Qazlal
Ru
Sif Muna
Trog
Uskayaw
Vehumet
Wu Jian
Xom
Yredelemnul
Zin
The Shining One
Beogh
Jiyva
Lugonu

Shops:
D !


Message History

You close the door.
You start resting.
HP restored.
You open the door.
There is an open door here.
Blink to where?
Press: ? - help, Q - select action, (/) - cycle Dir - move target, p - deep elf zephyrmancer
As you read the scroll of blinking, it crumbles to dust.
The deep elf zephyrmancer hits you with a +2 falchion of electrocution.
You are electrocuted!
You cut the deep elf zephyrmancer into ribbons!!!
You kill the deep elf zephyrmancer!
Trog accepts your kill.
Trog appreciates your killing of a magic user.
You hear a shout!
A deep elf master archer comes into view.
It is wielding a +0 longbow and wearing a +1 chain mail of poison resistance.
The deep elf high priest utters a dark prayer and points at you.
Your life force is offered up.
You hear a shout!
Your Throwing skill increases to level 4!
Found a book of Flames, a +0 robe, a box of beasts and a runed bone wand.
The deep elf master archer shoots an arrow.
The arrow hits you!
Things that are here:
a +2 robe of poison resistance; a +2 falchion of electrocution The deep elf master archer shoots an arrow.
The arrow barely misses you.
The deep elf master archer shoots an arrow.
The arrow barely misses you.
A red film seems to cover your vision as you go berserk!
You feel yourself moving faster!
You feel mighty!
The deep elf master archer shoots an arrow.
The arrow hits you!!
The deep elf master archer shoots an arrow.
The arrow hits you!!
* * * LOW HITPOINT WARNING * * *
You feel a strong urge to attack something.
The deep elf master archer shoots an arrow.
The arrow hits you!!
You die...

▓▓
.######################
#.)).#...##....'....[/
.)##)#...##≈≈≈≈##..##
.#.#.#...≈≈≈[.[.@...#
.#.#.#.[.##≈≈≈≈##ee##
∩###.'...##....'....:}
.# ####################
#####################
.#....)#.....)'...~≈#
##)###)#......#...~≈###
##.#..##......#...~≈≈≈#
..##..'.^...^^#...~~~~#


You could see a deep elf master archer and a deep elf annihilator.

Vanquished Creatures
  A deep elf demonologist (D)
  A deep elf annihilator (D)
  A deep elf high priest (D)
  Erolcha (D)
  2 deep elf pyromancers (D)
  2 deep elf zephyrmancers (D)
  An orc knight (D)
  A queen bee (D)
  A shadow (D)
  2 redbacks (D)
  A spatial vortex (D)
  3 two-headed ogres (D)
  A scorpion (D)
  A necrophage (D)
  A water elemental (D)
  32 killer bees (D)
  A jelly (D)
  An orc priest (D)
  An orc wizard (D)
  A wizard (D)
  A necromancer (D)
  3 humans (D)
  A kobold demonologist (D)
  3 orcs (D)
  4 rats (D)
68 creatures vanquished.

Vanquished Creatures (collateral kills)
  2 orc high priests (D)
  A deep elf knight (D)
  A deep elf pyromancer (D)
  A deep elf zephyrmancer (D)
  2 orc warriors (D)
  2 two-headed ogres (D)
  An orc priest (D)
  2 orc wizards (D)
  5 orcs (D)
17 creatures vanquished.

Grand Total: 85 creatures vanquished

Notes
Turn   | Place    | Note
-------+----------+-------------------------------------------
     0 | D        | sircluck the Hill Orc Berserker began the quest for the
                  | Orb.
     0 | D        | Reached XP level 1. HP: 19/19 MP: 1/1
    19 | D        | Reached ** piety under Trog
    63 | D        | Reached skill level 5 in Fighting
    63 | D        | Reached skill level 6 in Axes
    63 | D        | Reached XP level 2. HP: 25/29 MP: 2/2
   200 | D        | Noticed a scorpion
   208 | D        | Killed a scorpion
   209 | D        | Reached skill level 8 in Axes
   209 | D        | Reached skill level 1 in Stealth
   209 | D        | Reached XP level 3. HP: 39/39 MP: 3/3
   209 | D        | Reached XP level 4. HP: 47/47 MP: 4/4
   239 | D        | Noticed a water elemental
   246 | D        | Killed a water elemental
   247 | D        | Reached skill level 9 in Axes
   247 | D        | Reached XP level 5. HP: 39/53 MP: 5/5
   342 | D        | Found a basalt altar of Yredelemnul.
   342 | D        | Found a shadowy altar of Dithmenos.
   342 | D        | Found a sacrificial altar of Ru.
   344 | D        | Reached *** piety under Trog
   353 | D        | Reached skill level 10 in Axes
   361 | D        | Found a hide-covered altar of Uskayaw.
   361 | D        | Found a roughly hewn altar of Beogh.
   361 | D        | Found an iron altar of Okawaru.
   361 | D        | Found a bloodstained altar of Trog.
   361 | D        | Found an ornate altar of the Wu Jian Council.
   361 | D        | Noticed a human
   363 | D        | Noticed a human
   368 | D        | Killed a human
   369 | D        | Reached skill level 10 in Fighting
   369 | D        | Reached skill level 12 in Axes
   369 | D        | Reached XP level 6. HP: 43/66 MP: 6/6
   370 | D        | Killed a human
   370 | D        | Reached **** piety under Trog
   371 | D        | Reached skill level 13 in Axes
   371 | D        | Reached skill level 1 in Throwing
   371 | D        | Reached XP level 7. HP: 48/73 MP: 7/7
   488 | D        | Found a radiant altar of Vehumet.
   488 | D        | Found a shimmering blue altar of Sif Muna.
   488 | D        | Found an ancient bone altar of Kikubaaqudgha.
   675 | D        | Noticed a shadow
   682 | D        | Killed a shadow
   683 | D        | Reached skill level 14 in Axes
   690 | D        | Found a blossoming altar of Fedhas.
   690 | D        | Found a stormy altar of Qazlal.
   690 | D        | Found a snail-covered altar of Cheibriados.
   690 | D        | Found a burning altar of Makhleb.
   690 | D        | Found a shimmering altar of Xom.
   690 | D        | Noticed a spatial vortex
   868 | D        | Found a hazy altar of Hepliaklqana.
   868 | D        | Found an opulent altar of Gozag.
   868 | D        | Found a sparkling altar of Nemelex Xobeh.
   868 | D        | Found a corrupted altar of Lugonu.
   868 | D        | Found a viscous altar of Jiyva.
   889 | D        | Killed a spatial vortex
   889 | D        | Reached ***** piety under Trog
   890 | D        | Reached XP level 8. HP: 33/83 MP: 8/8
  1056 | D        | Found a glowing silver altar of Zin.
  1056 | D        | Found a glowing golden altar of the Shining One.
  1056 | D        | Found a white marble altar of Elyvilon.
  1057 | D        | Noticed a deep elf pyromancer
  1060 | D        | Killed a deep elf pyromancer
  1061 | D        | Reached skill level 16 in Axes
  1061 | D        | Reached skill level 5 in Armour
  1061 | D        | Reached skill level 5 in Stealth
  1245 | D        | Noticed a two-headed ogre
  1255 | D        | Killed a two-headed ogre
  1256 | D        | Reached skill level 17 in Axes
  1256 | D        | Reached skill level 5 in Dodging
  1256 | D        | Reached XP level 9. HP: 82/93 MP: 9/9
  1362 | D        | Noticed Erolcha
  1363 | D        | Noticed a two-headed ogre
  1388 | D        | Killed Erolcha
  1389 | D        | Reached skill level 18 in Axes
  1390 | D        | Killed a two-headed ogre
  1563 | D        | Reached skill level 19 in Axes
  1786 | D        | Noticed an orc knight
  1786 | D        | Noticed an orc high priest
  1786 | D        | Noticed an orc high priest
  1787 | D        | Noticed a soul eater
  1791 | D        | Killed an orc high priest
  1792 | D        | Reached skill level 15 in Fighting
  1792 | D        | Reached XP level 10. HP: 105/105 MP: 10/10
  1796 | D        | Reached skill level 20 in Axes
  1800 | D        | Noticed a smoke demon
  1806 | D        | Killed an orc high priest
  1806 | D        | Identified the +5 broad axe of Trog {heavy, Fragile rPois
                  | Will++ Stlth+} (Trog gifted it to you in the Dungeon)
  1806 | D        | Received a gift from Trog
  1819 | D        | Killed an orc knight
  1820 | D        | Reached skill level 21 in Axes
  1827 | D        | Found Hacuxe's Distillery.
  1832 | D        | Reached ****** piety under Trog
  1890 | D        | Bought a potion of heal wounds for 60 gold pieces
  1890 | D        | Bought a potion of invisibility for 96 gold pieces
  1890 | D        | Bought a potion of curing for 36 gold pieces
  1890 | D        | Bought a potion of flight for 36 gold pieces
  1923 | D        | Noticed a deep elf pyromancer
  1923 | D        | Noticed a deep elf zephyrmancer
  1923 | D        | Noticed a deep elf knight
  1923 | D        | Noticed a deep elf pyromancer
  1923 | D        | Noticed a deep elf zephyrmancer
  1941 | D        | Killed a deep elf pyromancer
  1943 | D        | Killed a deep elf knight
  1945 | D        | Killed a deep elf zephyrmancer
  1946 | D        | Reached skill level 22 in Axes
  1955 | D        | Killed a deep elf pyromancer
  1955 | D        | Received a gift from Trog
  1956 | D        | Reached XP level 11. HP: 116/116 MP: 11/11
  1959 | D        | Killed a deep elf zephyrmancer
  1969 | D        | Noticed a deep elf zephyrmancer
  1973 | D        | Noticed a deep elf annihilator
  1978 | D        | Killed a deep elf annihilator
  1981 | D        | Noticed a deep elf annihilator
  1981 | D        | Noticed a deep elf demonologist
  2166 | D        | Reached skill level 23 in Axes
  2169 | D        | Received a gift from Trog
  2179 | D        | Received a gift from Trog
  2193 | D        | Received a gift from Trog
  2207 | D        | Received a gift from Trog
  2480 | D        | Noticed a deep elf high priest
  2497 | D        | Killed a deep elf high priest
  2693 | D        | Identified the +0 chain mail "Tink" {Drain rElec SInv}
  2693 | D        | Identified the ring "Fiessy" {rC+ SInv}
  2693 | D        | Noticed a deep elf high priest
  2700 | D        | Noticed an Ice Fiend
  2703 | D        | Killed a deep elf demonologist
  2704 | D        | Reached skill level 1 in Evocations
  2872 | D        | Killed a deep elf zephyrmancer
  2872 | D        | Noticed a deep elf master archer
  2873 | D        | Identified the +1 robe "Lok Geom" {rC+ Will+ SInv}
  2876 | D        | Shot with an arrow by a deep elf master archer

Illustrated notes

Levels and vault maps discovered:
D:        dungeon_sprint_mu [sprint_mu_entry_forest, sprint_mu_temple_rooms,
          sprint_mu_d1_spiders, sprint_mu_d2_genie, sprint_mu_d3_branching,
          sprint_mu_orc_legion, sprint_mu_elf_gauntlet, sprint_mu_hive_nellie,
          sprint_mu_lair_fedhas, sprint_mu_vaults_butterflies,
          sprint_mu_slime_circle, sprint_mu_shoals_kraken,
          sprint_mu_snake_twists, sprint_mu_blade_basic, sprint_mu_crypt_lich,
          sprint_mu_tomb_spiral, sprint_mu_vestibule_basic,
          sprint_mu_gehenna_hellfire, sprint_mu_dis_giant,
          sprint_mu_tartarus_statrot, sprint_mu_cocytus_islands, sprint_mu_zot1]

Skill      XL: |  1  2  3  4  5  6  7  8  9 10 11 |
---------------+----------------------------------+-----
Fighting       | 5 7 8 10 11 13 15 16 18 | 18.7
Axes           | 6 8 9 12 13 14 17 19 22 23 | 23.8
Dodging        | 2 3 4 5 6 7 |  7.2
Armour         | 3 4 5 7 |  7.9
Stealth        | 1 3 4 5 7 8 |  8.7
Throwing       | 1 2 4 |  4.2
Evocations     | 1 |  1.3

Action                     |  1- 3 |  4- 6 |  7- 9 | 10-12 || total
---------------------------+-------+-------+-------+-------++-------
  Melee: Hand axe          |    23 |    21 |    62 |    12 ||   118
         Broad axe         |       |       |       |    72 ||    72
         Punch             |       |       |       |     2 ||     2
  Throw: Stone             |     3 |       |       |       ||     3
         Boomerang         |       |       |       |    20 ||    20
 Invoke: Berserk           |     2 |     2 |     5 |     4 ||    13
         Brothers in Arms  |       |       |     4 |     1 ||     5
  Evoke: Wand              |       |       |       |     8 ||     8
    Use: Scroll            |       |       |       |     1 ||     1
   Stab: Sleeping          |     1 |     2 |     1 |       ||     4
 Armour: Animal skin       |     1 |       |     2 |     1 ||     4
         Chain mail        |       |       |       |    25 ||    25
  Dodge: Dodged            |     8 |     6 |    26 |    39 ||    79

Table legend: (Time is in decaauts)
 A = Elapsed time spent in this place.
 B = Non-inter-level travel time spent in this place.
 C = Inter-level travel time spent in this place.
 D = Time resting spent in this place.
 E = Time spent auto-exploring this place.
 F = Levels seen in this place.
 G = Mean time per level.
                   A        B        C        D        E       F      G
               +--------+--------+--------+--------+--------+-----+--------+
         Total |   2940 |   2772 |    168 |   2172 |     28 |   1 | 2940.0 |
       Dungeon |   2940 |   2772 |    168 |   2172 |     28 |   1 | 2940.0 |
               +--------+--------+--------+--------+--------+-----+--------+

Top non-repeatable levels by time:
       D: 2940 daAuts
